 Dungeon Crawl Stone Soup version 0.19-a0-965-g50bf062 (webtiles) character file.

51 FupaLoad the Shooter (level 3, -4/24 HPs)
             Began as a High Elf Hunter on July 12, 2016.
             Was an Initiate of Pakellas.
             Slain by a worm (11 damage)
             ... on level 2 of the Dungeon.
             The game lasted 00:12:29 (2483 turns).

FupaLoad the Shooter (High Elf Hunter)              Turns: 2483, Time: 00:12:30

Health: -4/24      AC:  3    Str: 11    XL:     3   Next: 58%
Magic:  4/4        EV: 12    Int: 15    God:    Pakellas [......]
Gold:   100        SH:  0    Dex: 16    Spells: 0 memorised, 2 levels left

rFire  . . .     SeeInvis .     l - +2 dagger (flame)
rCold  . . .     Gourm    .     c - +0 leather armour
rNeg   . . .     Faith    .     (no shield)
rPois  .         Spirit   .     (no helmet)
rElec  .         Dismiss  .     (no cloak)
rCorr  .         Reflect  .     (no gloves)
SustAt .         Harm     .     (no boots)
MR     .....                    (no amulet)
Stlth  ++........               (no ring)
                                (no ring)

@: not resistant to hostile enchantments, unstealthy
A: no striking features
a: Renounce Religion


You were on level 2 of the Dungeon.
You worshipped Pakellas.
Pakellas was noncommittal.
You were not hungry.

You visited 1 branch of the dungeon, and saw 3 of its levels.

You collected 100 gold pieces.

Inventory:

Hand Weapons
 a - a +1 shortbow
 b - a +0 short sword
 l - a +2 dagger of flaming (weapon)
Missiles
 d - 18 arrows
Armour
 c - a +0 leather armour (worn)
Jewellery
 i - a cursed amulet of inaccuracy {unknown}
 j - a cursed -3 ring of protection {unknown}
Scrolls
 e - 4 scrolls of teleportation {unknown}
 g - a scroll of identify {unknown}
 k - a scroll of fear {unknown}
 m - 2 scrolls of enchant armour {unknown}
 o - a scroll of amnesia {unknown}
 q - a scroll of random uselessness {unknown}
 v - a scroll of remove curse {unknown}
 w - a scroll of recharging {unknown}
 x - a scroll of fog {unknown}
Potions
 h - 2 potions of invisibility {unknown}
 n - a potion of might {unknown}
 p - a potion of heal wounds {unknown}
 r - a potion of curing {unknown}
 s - 2 potions of lignification {unknown}
 t - a potion of degeneration {unknown}
Comestibles
 f - 2 bread rations
 u - a meat ration


   Skills:
 + Level 2.2 Fighting
 + Level 0.5 Short Blades
 + Level 6.2 Bows
 + Level 1.1 Armour
 + Level 2.5 Dodging
 + Level 1.1 Stealth


You had 2 spell levels left.
You didn't know any spells.

Dungeon Overview and Level Annotations

Branches:
Dungeon (3/15)

Altars:
Pakellas


Message History

There is a stone staircase leading down here.
You hit the kobold. You burn the kobold.
The kobold is heavily wounded.
The kobold barely misses you.
You completely miss the kobold.
The kobold is heavily wounded.
The worm barely misses you. The kobold misses you.
You hit the kobold but do no damage.
The kobold is heavily wounded.
The kobold closely misses you.
You hit the kobold but do no damage.
The kobold is heavily wounded.
The worm bites you! The kobold hits you.
* * * LOW HITPOINT WARNING * * *
You hit the kobold. You burn the kobold.
You kill the kobold!
Pakellas accepts your kill. The worm bites you!
You die...
Pakellas says: That's one more possible approach eliminated.

.# #.# #.# #.##...##...... .# #.#
##.####.###..##...... .# #.#
#.......# #..##.#.... .# #.#
#..###### #..##.##.#. )# #.# #..#
#..##.##.#. .######.#####..#####
#..##.##...
...................####..(.......
##.###########.###..............#
#.# #.†@w.....)...###.## #.#
##########.#### #.# #.# #.#
###.## #.# #.# #..... #.#####
#######.####.#.## #.....#
##..............#
#####.#########.#.#.###########
#.....>.......#.#
###########.###.#


You could see a worm.

Vanquished Creatures
  An ooze (D:2)
  2 worms (D:2)
  A dart slug (D:2)
  A ball python (D:3)
  3 bats
  5 giant cockroaches
  2 goblins (D:2)
  2 hobgoblins (D:1)
  4 jackals
  2 quokkas (D:2)
  4 giant newts
  7 kobolds
  3 rats
37 creatures vanquished.

Notes
Turn   | Place    | Note
-------+----------+-------------------------------------------
     0 | D:1      | FupaLoad the High Elf Hunter began the quest for the Orb.
     0 | D:1      | Reached XP level 1. HP: 14/14 MP: 2/2
   461 | D:1      | Reached XP level 2. HP: 19/19 MP: 3/3
   930 | D:2      | Found an oddly glowing altar of Pakellas.
   940 | D:2      | Became a worshipper of Pakellas the Inventive
   965 | D:2      | Reached skill level 6 in Bows
  1531 | D:2      | Reached XP level 3. HP: 16/24 MP: 4/4
  1886 | D:3      | Reached skill level 1 in Armour
  2483 | D:2      | Slain by a worm

Vault maps used:
D:1:      lightli_arrival_statuegarden, minivault_23
D:2:      lemuel_crystal_altar
D:3:      first_bread, uniq_iyjb, uniq_terence, uniq_crazy_yiuf_cottage

Skill      XL: |  1  2  3 |
---------------+----------+-----
Bows           | 6 |  6.2
Armour         | 1 |  1.1
Fighting       | |  2.2
Short Blades   | |  0.5
Dodging        | |  2.5
Stealth        | |  1.1

Action                   || total
-------------------------++-------
Melee: Shortbow          ||     1
       Dagger            ||   105
 Fire: Shortbow          ||    20
  Eat: Chunk             ||     1
       Bread ration      ||     1
Armor: Leather armour    ||    43
Dodge: Dodged            ||   100
